[Event "*** Titled Tuesday Blitz"]
[Site "Chess.com"]
[Date "2019.03.05"]
[Round "4"]
[White "pedromartinez91"]
[Black "SuperCheese"]
[Result "0-1"]
[WhiteElo "2403"]
[BlackElo "2619"]
[TimeControl "180+2"]
[EndTime "13:56:17 PST"]
[Termination "SuperCheese won by resignation"]

1. e4 e6 2. d4 d5 3. Nd2 c5 4.
exd5 Qxd5 5. Ngf3 cxd4 6. Bc4 Qd6 7. O-O Nf6 8. Nb3 Nc6 9. Nbxd4 Nxd4 10. Nxd4 a6 11. c3 Bd7 12. Be2 O-O-O 13. Bf3 e5 14. Nc2 e4 15. Be2 Qe5 16. Qd4 Bd6 17. Qxe5 Bxe5 18. Be3 Nd5 19. Bd4 Rhe8 20. Rfe1 Nf4 21. Bf1 f5 22. g3 Ng6 23. Rad1 Bxd4 24. Nxd4 Ne5 25. Be2 g6 26. f4 Nf7 27. Kf2 Kc7 28.
Ke3 Bc8 29. Bc4 Nd6 30. Bb3 Re7 31. Rd2 b6 32. Red1 b5 33. a4 bxa4 34. Bxa4 Nc4+ 35.
Ke2 Nxd2 36. Rxd2 Rd6 37. Ke3 Bb7 38. Rd1 Kb6 39. Bc2 Red7 40. Ba4 Rd8 41. Bc2 Bd5 42.
Ba4 Bc4 43. Ra1 Bd3 44. Rc1 Rc8 45. Ra1 Rc4 46. Bb3 Rc8 47. Be6 Rb8 48. Bb3 Kc7 49. Ra3 Rdb6 50. Kd2 Kd6 51. Ke3 Bb5 52. Kd2 Be8 53.
Ke3 R8b7 54. g4 fxg4 55. f5 Bf7 56. Bxf7 Rxf7 57. fxg6 hxg6 58. b4 Rh7 59. Ra2 Rh3+ 60. Kxe4 Rxc3 61. Rg2 Rc4 62. Rxg4 Rxd4+ 63. Kxd4 Rxb4+ 0-1

[Event "*** Titled Tuesday Blitz"]
[Site "Chess.com"]
[Date "2019.03.05"]
[Round "4"]
[White "Awentrap"]
[Black "xLuring1"]
[Result "1-0"]
[WhiteElo "2666"]
[BlackElo "2416"]
[TimeControl "180+2"]
[EndTime "13:56:18 PST"]
[Termination "Awentrap won by resignation"]

1. e4 c5 2. Nf3 Nc6 3. Nc3 a6 4. d4 cxd4 5. Nxd4 e6 6. Nxc6 bxc6 7. f4 d5 8. Bd3 Nf6 9. O-O Be7 10. Qe2 O-O 11. Bd2 Re8 12. Kh1 d4 13. Nd1 c5 14. b3 Bb7 15. Nb2 Qc7 16. Nc4 Bf8 17. Rae1 Nd7 18. Qg4 a5 19. a4 Nb8 20. Rf3 f5 21.
Qh4 g6 22. Rg3 fxe4 23. Bxe4 Bxe4 24. Rxe4 Nd7 25. Rh3 h6 26. Rg3 Kh7 27. Qg4 g5 28.
fxg5 Bg7 29. gxh6 Bf6 30. Rxe6 Rxe6 31. Qxe6 Rf8 32. Rf3 Ne5 33. Nxe5 Qxe5 34. Qxe5 Bxe5 35. Rxf8 1-0

[Event "*** Titled Tuesday Blitz"]
[Site "Chess.com"]
[Date "2019.03.05"]
[Round "4"]
[White "andrzej"]
[Black "Bad4life"]
[Result "0-1"]
[WhiteElo "2280"]
[BlackElo "2494"]
[TimeControl "180+2"]
[EndTime "13:56:18 PST"]
[Termination "Bad4life won by resignation"]

1. d4 Nf6 2. Bg5 c5 3. d5 e6 4. Nc3 b5 5. Nxb5 Qa5+ 6. Nc3 Nxd5 7. Bd2 Nxc3 8. Bxc3 Qc7 9. e4 Bb7 10. Qe2 Nc6 11. Nf3 a5 12. Qe3 Nb4 13. Bd3 c4 14. Bxb4 axb4 15. Be2 Be7 16. O-O O-O 17. Nd2 d5 18. exd5 exd5 19. Bf3 Bf6 20. c3 Rfe8 21. Be4 dxe4 22. cxb4 Bxb2 23. Rab1 Ra3 24. Qg5 Be5 25. Rfd1 Bxh2+ 26. Kh1 e3 27. fxe3 Raxe3 28. Rbc1 Bf4 29. Qb5 Rh3+ 30. Kg1 Be3+ 31. Kf1 Bxg2+ 32. Ke2 Qe7 33. Qxc4 Bd4+ 34. Ne4 Qxe4+ 35. Kd2 Be3+ 36. Kc3 Bxc1+ 37.
Rd3 Rxd3+ 38. Qxd3 Bb2+ 0-1

[Event "*** Titled Tuesday Blitz"]
[Site "Chess.com"]
[Date "2019.03.05"]
[Round "4"]
[White "IakovUlivar"]
[Black "Muguet7"]
[Result "0-1"]
[WhiteElo "2500"]
[BlackElo "2440"]
[TimeControl "180+2"]
[EndTime "13:56:20 PST"]
[Termination "Muguet7 won by resignation"]

1. e4 c5 2. Nc3 a6 3. g3 e6 4. Bg2 Nc6 5. d3 b5 6. f4 Bb7 7.
Nf3 d6 8. O-O Nf6 9. f5 Be7 10.
fxe6 fxe6 11. e5 Nxe5 12. Nxe5 Bxg2 13. Kxg2 dxe5 14. Qe2 Qd6 15. Bg5 O-O 16. Rae1 h6 17.
Bxf6 Bxf6 18. Ne4 Qd5 19. Rf3 Be7 20. c4 Qd4 21. Ref1 Rxf3 22. Rxf3 Rd8 23. b3 Rf8 24.
Rxf8+ Bxf8 25. h4 Be7 26. h5 Bg5 27. Kh2 Qe3 28. Qxe3 Bxe3 29. Kg2 bxc4 30. dxc4 Kf7 31. Kf3 Bd4 32. Ke2 Ke7 33. Kd3 Kd7 34. Kc2 Kc6 35. a3 Kb6 36. b4 cxb4 37. axb4 a5 38. b5 a4 39. Kb1 Ka5 40. Ka2 Kb4 41. Nd6 Bc5 42. Nf7 e4 43. Ne5 e3 44. Nd3+ Kxc4 45. Nf4 e5 46. Ne2 Kd3 0-1

[Event "*** Titled Tuesday Blitz"]
[Site "Chess.com"]
[Date "2019.03.05"]
[Round "4"]
[White "salomez"]
[Black "jamengrand"]
[Result "1-0"]
[WhiteElo "2105"]
[BlackElo "2160"]
[TimeControl "180+2"]
[EndTime "13:56:21 PST"]
[Termination "salomez won by resignation"]

1. b3 d5 2. Bb2 Bf5 3. g3 e6 4. Bg2 Nf6 5. Nf3 Nbd7 6. O-O Be7 7. d3 O-O 8. Nbd2 h6 9. c4 Bh7 10. Rc1 a5 11. cxd5 exd5 12. Nd4 c6 13. e4 Ne5 14. Qe2 dxe4 15. dxe4 Bb4 16. f4 Bxd2 17. Qxd2 Ng6 18. e5 Nd5 19. Nf5 Nge7 20. Nd6 Nc8 21. Nxb7 Qb6+ 22.
Nc5 Rd8 23. Rfd1 Nce7 24. Qf2 a4 25. e6 f6 26. Bd4 axb3 27. axb3 Qb5 28. Bf1 Qb8 29.
Nd7 Qc7 30. g4 Qxf4 31. Qxf4 Nxf4 32. Bc5 Nfd5 33. Bc4 Ra2 34. Bxe7 Nxe7 35. Nxf6+ gxf6 36. Rxd8+ Kg7 37. Rd7 Kf8 38. Rcd1 Be4 39. Rd8+ Kg7 40. R1d7 1-0

[Event "*** Titled Tuesday Blitz"]
[Site "Chess.com"]
[Date "2019.03.05"]
[Round "4"]
[White "riconaipe"]
[Black "Winehouse83"]
[Result "1-0"]
[WhiteElo "2440"]
[BlackElo "2511"]
[TimeControl "180+2"]
[EndTime "13:56:23 PST"]
[Termination "riconaipe won on time"]

1. d4 Nf6 2. c4 g6 3. Nc3 Bg7 4. Nf3 d6 5. g3 O-O 6. Bg2 Nbd7 7. O-O c6 8. Bg5 h6 9. Bxf6 Bxf6 10.
Qc2 e5 11. Rad1 exd4 12. Nxd4 a5 13. Ne4 Be7 14. Qd2 Ne5 15. Qxh6 Nxc4 16. Nf3 Re8 17.
Nfg5 Bxg5 18. Nxg5 Qf6 19. Qh7+ Kf8 20. Ne4 Qg7 21. Qh4 d5 22. Nf6 Re6 23. Nxd5 cxd5 24. Bxd5 Nxb2 25. Bxe6 g5 26. Qe4 Bxe6 27. Qxb7 Re8 28.
Rc1 Nc4 29. Qc6 Ne5 30. Qc5+ Kg8 31. Qxa5 Ng4 32. h3 Nf6 33. Rc5 Ne4 34. Re5 Qg6 35. f3 1-0

[Event "*** Titled Tuesday Blitz"]
[Site "Chess.com"]
[Date "2019.03.05"]
[Round "4"]
[White "aa175"]
[Black "j2806"]
[Result "1-0"]
[WhiteElo "1864"]
[BlackElo "1799"]
[TimeControl "180+2"]
[EndTime "13:56:23 PST"]
[Termination "aa175 won by resignation"]

1. e4 c5 2. Nf3 d6 3. b4 cxb4 4.
a3 bxa3 5. d4 Nc6 6. Be2 e6 7. O-O Nf6 8. Nbd2 Be7 9. c3 O-O 10.
Rxa3 d5 11. e5 Bxa3 12. Bxa3 Nd7 13. h4 f6 14. Bd6 Ne7 15. Bd3 f5 16. Ng5 Nb6 17.
Ndf3 h6 18. Nh3 Qe8 19. Nf4 Bd7 20. h5 Nbc8 21. Ba3 a6 22. Nh4 b5 23. Nhg6 Nxg6 24. Nxg6 Rf7 25. Qb3 Ne7 26. Nxe7+ Rxe7 27. Bxe7 Qxe7 28. Ra1 Qe8 29. Qb4 Qf8 30. Qa5 Qc8 31. Bf1 Qb7 32. Qb4 Bc6 33. Qc5 Kf7 34. Ra5 Qa7 35.
Qxc6 Ke7 36. Qd6+ Kf7 37. Bxb5 axb5 38. Rxa7+ Rxa7 39. Qb6 Ra1+ 40. Kh2 Rc1 41. Qxb5 Rxc3 42. Qd7+ Kg8 43. Qxe6+ Kh8 44. Qxf5 Rc4 45. Qf8+ Kh7 46. Qf5+ Kh8 47. e6 1-0

[Event "*** Titled Tuesday Blitz"]
[Site "Chess.com"]
[Date "2019.03.05"]
[Round "4"]
[White "lolo9292"]
[Black "1995Tiger"]
[Result "0-1"]
[WhiteElo "2064"]
[BlackElo "1953"]
[TimeControl "180+2"]
[EndTime "13:56:25 PST"]
[Termination "1995Tiger won on time"]

1. e4 e6 2. d3 d5 3. Nd2 Nf6 4. g3 b6 5. Bg2 Nc6 6. Ngf3 dxe4 7.
dxe4 Ba6 8. c4 Bc5 9. Qa4 Bb7 10. O-O O-O 11. a3 a5 12. Qc2 a4 13. e5 Nd7 14. Ne4 h6 15. Rd1 Qe7 16. Bxh6 Ndxe5 17. Nxe5 Nxe5 18. Ng5 Bxf2+ 19. Kxf2 Qf6+ 20. Kg1 Qxh6 21. Bxb7 Qxg5 22. Bxa8 Rxa8 23. Qg2 Ra5 24. Kh1 g6 25. Rd4 Rc5 26. h4 Qe3 27. Re4 Qd3 28.
h5 Nf3 29. Qe2 Rxh5+ 30. Kg2 Rh2+ 31. Kf1 Rxe2 32. Rxe2 Nd4 0-1

[Event "*** Titled Tuesday Blitz"]
[Site "Chess.com"]
[Date "2019.03.05"]
[Round "4"]
[White "Amirreza_p"]
[Black "cherryandmint"]
[Result "0-1"]
[WhiteElo "2808"]
[BlackElo "2633"]
[TimeControl "180+2"]
[EndTime "13:56:27 PST"]
[Termination "cherryandmint won by resignation"]

1. e4 e5 2. Nf3 Nc6 3. Bc4 Nf6 4.
d3 Bc5 5. O-O d6 6. c3 a6 7. a4 h6 8. b4 Ba7 9. Nbd2 O-O 10. h3 Ne7 11. Re1 c6 12. Nf1 d5 13.
exd5 Nfxd5 14. Bb2 Ng6 15. Ng3 Re8 16. d4 exd4 17.
Rxe8+ Qxe8 18. Nxd4 Qe5 19. b5 Rb8 20. bxc6 bxc6 21. Qc2 Bb7 22. Rb1 a5 23. Ba3 Ba8 24. Rxb8+ Bxb8 25. Nge2 Qh2+ 26. Kf1 c5 27. Qe4 Qh1+ 28.
Ng1 cxd4 29. Bxd5 Bxd5 30. Qxd5 Bh2 31. cxd4 Qxg1+ 32. Ke2 Nf4+ 0-1

[Event "*** Titled Tuesday Blitz"]
[Site "Chess.com"]
[Date "2019.03.05"]
[Round "4"]
[White "dreamist"]
[Black "AvitalBor"]
[Result "1-0"]
[WhiteElo "2726"]
[BlackElo "2634"]
[TimeControl "180+2"]
[EndTime "13:56:30 PST"]
[Termination "dreamist won on time"]

1. c4 e6 2. d4 d5 3. Nc3 Nf6 4. cxd5 exd5 5. Bg5 c6 6. Qc2 g6 7. Bxf6 Qxf6 8. Nxd5 Qd8 9. Nc3 Qxd4 10. Nf3 Qf6 11. e4 Be6 12. e5 Qe7 13. a3 Bg7 14. O-O-O Nd7 15. Ne4 O-O 16. h4 Nxe5 17. h5 Rad8 18.
Be2 Bf5 19. Nd4 Bxe4 20. Qxe4 Rfe8 21. Qc2 Qg5+ 22. Kb1 Qxg2 23. f4 Rxd4 24. fxe5 Rxd1+ 25. Rxd1 Bxe5 26. hxg6 hxg6 27. Rd7 Bf6 28. Qb3 Re7 29.
Rxe7 Bxe7 30. Bc4 Qf3 31. Qxf3 1-0

[Event "*** Titled Tuesday Blitz"]
[Site "Chess.com"]
[Date "2019.03.05"]
[Round "4"]
[White "NateSolon"]
[Black "NeverEverForever1990"]
[Result "0-1"]
[WhiteElo "2556"]
[BlackElo "2358"]
[TimeControl "180+2"]
[EndTime "13:56:30 PST"]
[Termination "NeverEverForever1990 won by resignation"]

1. d4 Nf6 2. Nf3 d5 3. c4 e6 4. Nc3 c6 5. Qc2 Nbd7 6. e4 dxe4 7. Nxe4 Nxe4 8. Qxe4 Bb4+ 9. Bd2 Bxd2+ 10. Nxd2 O-O 11. O-O-O a5 12. Nf3 a4 13. Bd3 Nf6 14. Qh4 b5 15.
c5 h6 16. Kb1 b4 17. g4 Ba6 18. g5 Bxd3+ 19. Rxd3 Nh7 20. g6 Ng5 21. Ne5 Qd5 22. Rg1 f6 23. f4 fxe5 24. fxg5 Rf4 25. Qh3 Rxd4 26. Rxd4 Qxd4 27. Qxe6+ Kh8 28. Qg4 Qd3+ 29. Ka1 Qxg6 30. Qxb4 Rf8 31. h4 Qd3 32. Qe1 a3 33. Qc1 Qd4 34. gxh6 axb2+ 35. Qxb2 Qxg1+ 0-1

[Event "*** Titled Tuesday Blitz"]
[Site "Chess.com"]
[Date "2019.03.05"]
[Round "4"]
[White "nochewycandy"]
[Black "KyronGriffith"]
[Result "1-0"]
[WhiteElo "2389"]
[BlackElo "2355"]
[TimeControl "180+2"]
[EndTime "13:56:32 PST"]
[Termination "nochewycandy won by resignation"]

1. e4 c5 2. Nf3 d6 3. c3 Nf6 4. h3 Nbd7 5. Bd3 g5 6. Bc2 Rg8 7. d4 g4 8. hxg4 Rxg4 9. e5 Nd5 10. Rxh7 Rxg2 11. Kf1 Rg8 12. e6 fxe6 13. Ng5 N7f6 14. dxc5 dxc5 15. c4 b6 16. cxd5 Ba6+ 17. Bd3 Qxd5 18.
Qa4+ Kd8 19. Bxa6 Nxh7 20. Nxh7 Qh1+ 21. Ke2 Qh5+ 22. Kd2 Qxh7 23. Bd3 Qh2 24. Kc2 Qxf2+ 25. Bd2 Bg7 26. Nc3 Bxc3 27. bxc3 Kc7 28. Re1 Rg2 29.
Re2 Qf3 30. Rxg2 Qxg2 31. Qf4+ Kd7 32. Be4 Rf8 33. Bxg2 Rxf4 34. Bxf4 b5 35. Be5 Kc8 36. Kd3 a6 37. a3 a5 38. a4 bxa4 39. Kc4 Kd7 40.
Be4 Ke8 41. Bc2 1-0

[Event "*** Titled Tuesday Blitz"]
[Site "Chess.com"]
[Date "2019.03.05"]
[Round "4"]
[White "GrandGlacier"]
[Black "MathiasWomacka"]
[Result "0-1"]
[WhiteElo "2143"]
[BlackElo "2268"]
[TimeControl "180+2"]
[EndTime "13:56:33 PST"]
[Termination "MathiasWomacka won by resignation"]

1. e4 c5 2. Nf3 d6 3. d4 cxd4 4. Nxd4 Nf6 5. Nc3 a6 6. h3 e6 7. g4 b5 8. Bg2 Bb7 9. O-O Nfd7 10. Re1 Nc6 11. Nxc6 Bxc6 12. a4 b4 13. Nd5 a5 14.
Bf4 Rc8 15. Ne3 Ne5 16. Bg3 Be7 17. f4 Ng6 18. Nc4 Bxe4 19. Nxd6+ Bxd6 20. Rxe4 O-O 21. Qe2 Qc7 22. Qf3 Qxc2 23. h4 Qxb2 24. Rd1 Rc3 25.
Rd3 Rfc8 26. h5 Rxd3 27. Qxd3 Rc3 28. Qe2 Qxe2 29. Rxe2 Rxg3 30. hxg6 hxg6 31. f5 gxf5 32. gxf5 exf5 33. Re8+ Kh7 34. Kf2 Ra3 35. Bd5 b3 36. Bxf7 b2 37. Bg8+ Kh6 38. Re6+ Kg5 0-1

[Event "*** Titled Tuesday Blitz"]
[Site "Chess.com"]
[Date "2019.03.05"]
[Round "4"]
[White "PawnEatingZombie"]
[Black "SolidAsARook"]
[Result "1-0"]
[WhiteElo "2138"]
[BlackElo "2180"]
[TimeControl "180+2"]
[EndTime "13:56:33 PST"]
[Termination "PawnEatingZombie won by resignation"]

1. d4 Nf6 2. c4 e6 3. Nc3 Bb4 4. Qc2 O-O 5. e4 d5 6. e5 Ne4 7. Bd3 c5 8. Nf3 cxd4 9. Nxd4 Nd7 10. Bf4 Ndc5 11. O-O Nxd3 12. Qxd3 Bxc3 13. bxc3 a6 14. cxd5 exd5 15. c4 Nc5 16. Qg3 Ne4 17. Qe3 Be6 18. Rad1 Qa5 19. cxd5 Bxd5 20. Nf5 Rae8 21. Rfe1 Bc6 22.
f3 Nc5 23. Nxg7 Rd8 24. Nf5 Rxd1 25. Rxd1 Qa4 26. Rf1 Ne6 27. Bh6 Rd8 28. Ne7+ Kh8 29. Nxc6 Qxc6 30. Bg5 Rd5 31. Bf6+ Kg8 32. Qe4 Qc5+ 33.
Kh1 Qd4 34. Qxd4 Rxd4 35. g3 h6 36. f4 Kh7 37. f5 Nc5 38. e6 fxe6 39. Bxd4 Nd7 40.
fxe6 1-0

[Event "*** Titled Tuesday Blitz"]
[Site "Chess.com"]
[Date "2019.03.05"]
[Round "4"]
[White "Sanan_Sjugirov"]
[Black "fmshawnrl123"]
[Result "1/2-1/2"]
[WhiteElo "2886"]
[BlackElo "2588"]
[TimeControl "180+2"]
[EndTime "13:56:34 PST"]
[Termination "Game drawn by agreement"]

1. d4 Nf6 2. c4 e6 3. Nf3 b6 4. g3 Bb7 5. Bg2 Be7 6. O-O O-O 7. Nc3 Ne4 8. Bd2 f5 9. Ne5 Nxc3 10.
Bxc3 Bxg2 11. Kxg2 d6 12. Nd3 Bf6 13. Nf4 Qe7 14.
Qd3 Nd7 15. e4 fxe4 16. Qxe4 Rae8 17. Rae1 e5 18. Qc6 Nb8 19. Qd5+ Kh8 20. dxe5 dxe5 21. Nh5 Rd8 22. Qe4 Nd7 23. b4 Rde8 24. Qg4 e4 25.
Nxf6 Nxf6 26. Qg5 Qe6 27. c5 Qxa2 28. Ra1 Qc4 29. Bxf6 gxf6 30. Qe3 Qxb4 31. Rxa7 Qxc5 32. Qxc5 bxc5 33. Rc1 e3 34. fxe3 Rxe3 35. Rxc5 Rf7 36. Rcxc7 Rxc7 37. Rxc7 Re6 38. Kf3 Re5 39. Kf4 Rh5 40. h4 Kg8 41. Rd7 Ra5 42. g4 Rb5 43. h5 Rg5 44. Re7 h6 45. Rd7 Ra5 46. Rc7 1/2-1/2

[Event "*** Titled Tuesday Blitz"]
[Site "Chess.com"]
[Date "2019.03.05"]
[Round "4"]
[White "vpantev"]
[Black "josmito10"]
[Result "1-0"]
[WhiteElo "2640"]
[BlackElo "2772"]
[TimeControl "180+2"]
[EndTime "13:56:36 PST"]
[Termination "vpantev won on time"]

1. d4 Nf6 2. Bf4 d5 3. e3 c5 4. c3 Nc6 5. Nd2 Bf5 6. Qb3 Qc8 7. Ngf3 e6 8. h3 h6 9. Be2 c4 10. Qd1 Be7 11. b3 b5 12. bxc4 bxc4 13. Qa4 O-O 14. O-O Qd7 15. Bd1 Bd6 16. Bc2 Bxf4 17. exf4 Bxc2 18. Qxc2 Rfb8 19. Rab1 Rb6 20. Rb2 Rab8 21. Rfb1 Qd6 22. Rxb6 Rxb6 23. Rxb6 axb6 24. Ne5 Nd7 25. Qb2 Ncxe5 26. fxe5 Qc6 27. Qb4 b5 28. Nb1 f6 29.
exf6 Nxf6 30. Na3 Ne4 31. Nxb5 h5 32. a4 h4 33. Qb2 Qa8 34. Qb4 Qe8 35. Nd6 Nxd6 36.
Qxd6 Qxa4 37. Qxe6+ Kh8 38. Qc8+ Kh7 39. Qf5+ Kh8 40.
Qh5+ Kg8 41. Qxd5+ Kh7 42. Qe4+ Kg8 43. Kh2 Qb3 44.
Qe8+ Kh7 45. Qh5+ Kg8 46. Qd5+ Kh7 47. Qe4+ Kg8 48. Qe3 Kf7 49. d5 Qb8+ 50. f4 Qd6 51.
Qe5 Qc5 52. f5 Qf2 53. d6 g5 54. fxg6+ Kxg6 55. d7 Kh7 56. d8=Q 1-0

[Event "*** Titled Tuesday Blitz"]
[Site "Chess.com"]
[Date "2019.03.05"]
[Round "4"]
[White "FearNoEvil12"]
[Black "wanyaland"]
[Result "0-1"]
[WhiteElo "1930"]
[BlackElo "2114"]
[TimeControl "180+2"]
[EndTime "13:56:40 PST"]
[Termination "wanyaland won by checkmate"]

1. e4 e5 2. d4 exd4 3. Bc4 Nf6 4. Nf3 Nxe4 5. Qxd4 Nf6 6. Bg5 Be7 7. Nc3 c6 8. O-O-O d5 9. Qh4 Qa5 10. Rhe1 Be6 11.
Nd4 dxc4 12. Rxe6 fxe6 13. Nxe6 Kf7 14. Re1 Nbd7 15. Nxg7 h6 16. Bd2 Qc5 17. Ne6 Qd6 18.
Qxc4 Nd5 19. Nf4 Nf6 20. Ne4 Nxe4 21. Qxe4 Bg5 22. Qf5+ Qf6 23. Qd7+ Ne7 24. g3 Rad8 25. Qxb7 Rxd2 26. Kxd2 Bxf4+ 27. gxf4 Qxf4+ 28. Ke2 Rb8 29. Qxa7 Rxb2 30. Kf1 Qc4+ 31. Kg1 Qg4+ 32. Kf1 Qg5 33. Qd4 Rxc2 34. Qd3 Qb5 35. Qxb5 cxb5 36. Ra1 b4 37. Kg2 Nc6 38. Kf3 Ke6 39. Ke3 Kd5 40. f4 Kc4 41. h4 Nd4 42. Ke4 Re2# 0-1

[Event "*** Titled Tuesday Blitz"]
[Site "Chess.com"]
[Date "2019.03.05"]
[Round "4"]
[White "ALEXJR20"]
[Black "HrvojeZagreb"]
[Result "0-1"]
[WhiteElo "2172"]
[BlackElo "2112"]
[TimeControl "180+2"]
[EndTime "13:56:42 PST"]
[Termination "HrvojeZagreb won by resignation"]

1. Nf3 d5 2. g3 Bg4 3. Bg2 c6 4. O-O Nd7 5. h3 Bxf3 6. Bxf3 e6 7. d3 Bd6 8. Nd2 h5 9. e4 h4 10. g4 Ne7 11. Bg2 Ng6 12. Re1 Nf4 13. Bf1 Qe7 14.
Qf3 g5 15. d4 dxe4 16. Nxe4 Bc7 17. Bd2 O-O-O 18. Rad1 f5 19. gxf5 exf5 20. Nc5 Qf7 21.
Bxf4 Bxf4 22. Ne6 Bc7 23. Nxd8 Kxd8 24. Bd3 Rf8 25. Re2 g4 26. hxg4 fxg4 27. Qxf7 Rxf7 28. Rde1 Nf6 29. Re6 g3 30. Bg6 Rf8 31. fxg3 Bxg3 32. Kg2 Bxe1 33. Rxe1 Rg8 34. Kh3 Rxg6 35. Re5 Kd7 36.
Kxh4 Rg4+ 37. Kh3 Rxd4 38. c3 Rd5 39. Rf5 Rxf5 0-1

[Event "*** Titled Tuesday Blitz"]
[Site "Chess.com"]
[Date "2019.03.05"]
[Round "4"]
[White "Alexey_Potapov"]
[Black "Hikaru"]
[Result "1-0"]
[WhiteElo "2736"]
[BlackElo "3129"]
[TimeControl "180+2"]
[EndTime "13:56:43 PST"]
[Termination "Alexey_Potapov won by resignation"]

1. c4 f5 2. Nc3 Nf6 3. g3 g6 4. Bg2 Bg7 5. Nf3 d6 6. d4 O-O 7. O-O Nc6 8. d5 Ne5 9. Nxe5 dxe5 10. e4 e6 11. Qb3 exd5 12. cxd5 Kh8 13. Be3 f4 14.
Bc5 Re8 15. f3 fxg3 16. hxg3 Nh5 17. Kh2 c6 18. Rad1 Qg5 19. Bf2 Qh6 20. Kg1 Qg5 21.
Kh2 cxd5 22. Nxd5 Be6 23. Qe3 Qxe3 24. Bxe3 Bxd5 25. exd5 b6 26. Rd2 Rad8 27. Rfd1 Rd6 28. Bh3 e4 29. f4 Nf6 30. Be6 h5 31. Kh3 Kh7 32. Rc1 Red8 33. Rc6 Ne8 34. b4 Bf6 35. b5 Ng7 36. Rc7 Kh8 37. Rdc2 Nxe6 38. dxe6 Rxe6 39. Rxa7 Kg8 40. Rc6 Rde8 41. Rb7 Bd8 42. Kg2 Kf8 43. a4 R6e7 44. Rxe7 Rxe7 45. Bxb6 Bxb6 46. Rxb6 Rd7 47. Kf2 Rd3 48. Rxg6 Ra3 49. Ra6 Ke7 50. a5 Rb3 51. b6 Ke6 52. Ra8 Kf5 53. Rf8+ Kg4 54. Rg8+ Kh3 55.
Rg7 e3+ 56. Ke2 Kg2 57. b7 1-0

[Event "*** Titled Tuesday Blitz"]
[Site "Chess.com"]
[Date "2019.03.05"]
[Round "4"]
[White "BlackBoarder"]
[Black "DawidCzerw"]
[Result "1-0"]
[WhiteElo "2540"]
[BlackElo "2250"]
[TimeControl "180+2"]
[EndTime "13:56:45 PST"]
[Termination "BlackBoarder won by checkmate"]

1. e4 c5 2. Nf3 g6 3. c3 Bg7 4.
d4 cxd4 5. cxd4 d5 6. exd5 Nf6 7.
Nc3 O-O 8. Bc4 Nbd7 9. O-O Nb6 10. Bb3 Nbxd5 11. Re1 e6 12. Bg5 b6 13. Nxd5 exd5 14.
Ne5 h6 15. Nc6 Qd6 16. Ne7+ Kh7 17. Bxf6 Bxf6 18. Nxd5 Bg7 19. Ne3 Qxd4 20. Qf3 Ba6 21. Rad1 Qxb2 22. Bxf7 Qf6 23. Qxf6 Bxf6 24. Bb3 Rad8 25.
Nd5 Bg7 26. Nc7 Bc8 27. g3 Bg4 28. Rxd8 Rxd8 29. Nd5 Bf3 30. Nf4 Rd2 31. Bf7 g5 32. Bg6+ Kg8 33. Nd3 Bd4 34. h4 Kg7 35. h5 Be2 36. Nb4 Bb5 37. Re7+ Kf6 38. Nd5# 1-0

[Event "*** Titled Tuesday Blitz"]
[Site "Chess.com"]
[Date "2019.03.05"]
[Round "4"]
[White "Cryptochess"]
[Black "JoachimMouhamad"]
[Result "1-0"]
[WhiteElo "2541"]
[BlackElo "2319"]
[TimeControl "180+2"]
[EndTime "13:56:54 PST"]
[Termination "Cryptochess won by checkmate"]

1. e4 c6 2. d4 d5 3. Nc3 dxe4 4. Nxe4 Nf6 5. Nxf6+ exf6 6. Nf3 Bd6 7. Bc4 O-O 8. O-O Re8 9. h3 Nd7 10. Bb3 Nf8 11. c4 Ng6 12. Be3 Bf5 13. Re1 Qd7 14. Bc2 Be6 15. Qd3 Bxh3 16. gxh3 Qxh3 17. Qf5 Qxf5 18. Bxf5 Bb4 19. Bd2 Bxd2 20. Nxd2 Nf4 21. Kf1 g6 22. Bc2 f5 23. Rad1 Kg7 24. Nf3 Kf6 25. Ne5 Red8 26. b4 Rd6 27. Nf3 h5 28. Re5 Rh8 29. Nh4 Ne6 30. Nf3 Rhd8 31. d5 Nf4 32. Bb3 cxd5 33. cxd5 h4 34. Rd4 g5 35. Rxf4 gxf4 36. Kg2 Rc8 37. Re1 Rc3 38. Nxh4 Rb6 39.
Rd1 Rd6 40. Rd4 Ke5 41. Rd1 f3+ 42. Nxf3+ Kf4 43. Rd4# 1-0

[Event "*** Titled Tuesday Blitz"]
[Site "Chess.com"]
[Date "2019.03.05"]
[Round "4"]
[White "tteshan"]
[Black "Ibraev_Vasilj"]
[Result "0-1"]
[WhiteElo "2202"]
[BlackElo "2161"]
[TimeControl "180+2"]
[EndTime "13:56:55 PST"]
[Termination "Ibraev_Vasilj won by resignation"]

1. d4 Nf6 2. c4 e6 3. Nc3 c5 4. d5 exd5 5. cxd5 d6 6. e4 g6 7. f4 Bg7 8. Bb5+ Nfd7 9. Nf3 O-O 10. O-O a6 11. Bd3 b5 12. Be3 Re8 13. Qc2 Nb6 14. Rfe1 Bg4 15. Nd2 Bc8 16. a4 c4 17. Bf1 Bd7 18. axb5 axb5 19. Kh1 Na6 20. Qd1 Nb4 21. Rxa8 Nxa8 22. Qb1 Nb6 23. Bg1 Qc7 24. Nf3 f5 25. exf5 Rxe1 26. Qxe1 gxf5 27. Qe7 N4xd5 28. Bxb6 Nxb6 29.
Ng5 Qc8 30. Qf7+ Kh8 31. Qh5 h6 32. Nf7+ Kh7 33. Ng5+ Kg8 34. Qf7+ Kh8 35. Nf3 Qe8 36. Qxe8+ Bxe8 37. Kg1 Bc6 38. Nd2 Nd5 39. Nxd5 Bxd5 40. b3 c3 41. Bxb5 cxd2 42. Be2 Bxb3 43. Kf2 0-1

[Event "*** Titled Tuesday Blitz"]
[Site "Chess.com"]
[Date "2019.03.05"]
[Round "4"]
[White "Chessmatus"]
[Black "checkmatequen"]
[Result "1-0"]
[WhiteElo "2299"]
[BlackElo "2121"]
[TimeControl "180+2"]
[EndTime "13:56:57 PST"]
[Termination "Chessmatus won by resignation"]

1. d4 Nf6 2. c4 e6 3. g3 c5 4.
d5 exd5 5. cxd5 d6 6. Nc3 g6 7. Bg2 Bg7 8. Nf3 O-O 9. O-O Re8 10. Bf4 a6 11. a4 Qe7 12. Re1 Nbd7 13. h3 Nh5 14.
Bg5 Bf6 15. Bxf6 Qxf6 16. Qc2 Ng7 17. e4 Ne5 18. Nxe5 Qxe5 19. f4 Qd4+ 20. Kh2 f5 21. Rad1 Qb4 22. e5 dxe5 23. fxe5 c4 24. e6 Qd6 25. Ne2 b5 26. axb5 axb5 27. Nd4 f4 28. Nxb5 fxg3+ 29. Kh1 Qc5 30. Nc3 Rb8 31. Ne4 Qe7 32. d6 Qxe6 33. Nf6+ Qxf6 34. Rxe8+ Nxe8 35. d7 Bxd7 36. Rxd7 Rxb2 37. Qxc4+ Kh8 38. Rf7 Rb1+ 39. Bf1 Qb2 40. Rf8+ Kg7 41. Rg8+ Kf6 42. Qf4+ Ke7 43. Qf8+ Kd7 44. Qxe8+ Kd6 45. Qd8+ Kc5 46. Qc7+ Kd4 47.
Rd8+ Ke3 48. Qe7+ Kf4 49. Rf8+ 1-0

[Event "*** Titled Tuesday Blitz"]
[Site "Chess.com"]
[Date "2019.03.05"]
[Round "4"]
[White "tomozupan"]
[Black "Orest_Vovk"]
[Result "1-0"]
[WhiteElo "2223"]
[BlackElo "2142"]
[TimeControl "180+2"]
[EndTime "13:56:57 PST"]
[Termination "tomozupan won by resignation"]

1. d4 h6 2. e4 g5 3. h4 g4 4. Qxg4 d5 5. Qf3 dxe4 6. Qxe4 Nf6 7. Qd3 Nc6 8. c3 Qd5 9. Bf4 Bf5 10. Qe3 O-O-O 11.
Nd2 e5 12. dxe5 Nxe5 13. Bxe5 Ng4 14. Bc4 Nxe3 15. Bxd5 Nc2+ 16. Ke2 Rxd5 17. Bxh8 Nxa1 18. Ngf3 Bd3+ 19. Kd1 Ra5 20. Re1 Bd6 21. a3 Rb5 22.
c4 Rb6 23. Re3 Bh7 24. Bd4 c5 25. Bc3 Nb3 26. Nxb3 Rxb3 27. Ne5 f6 28. Nf7 Rb6 29. Re8+ Kc7 30. Rh8 Bg6 31. Rxh6 Bxf7 32. Rh7 Be7 33. Rxf7 Kd7 34. h5 Ke6 35. Rg7 Rd6+ 36. Ke2 Rd8 37. h6 Rh8 38. h7 a6 39. g4 b5 40. f4 b4 41. axb4 cxb4 42. Bd4 Bf8 43. Rb7 Bd6 44. g5 fxg5 45. Bxh8 1-0

[Event "*** Titled Tuesday Blitz"]
[Site "Chess.com"]
[Date "2019.03.05"]
[Round "4"]
[White "kingmonkey2006"]
[Black "1stSecond"]
[Result "0-1"]
[WhiteElo "2531"]
[BlackElo "2747"]
[TimeControl "180+2"]
[EndTime "13:57:00 PST"]
[Termination "1stSecond won by checkmate"]

1. e4 e5 2. Nf3 Nc6 3. Bb5 a6 4. Ba4 Nf6 5. O-O Be7 6. d3 b5 7. Bb3 d6 8. a4 b4 9. a5 Rb8 10. Nbd2 O-O 11. Nc4 Bg4 12. Be3 d5 13. exd5 Nxd5 14. Ba4 Bd7 15. Ncxe5 Nxe5 16. Nxe5 Bxa4 17. Rxa4 Qd6 18. Nc4 Qe6 19. Qf3 Bf6 20. Raa1 Rfd8 21. Rae1 Qd7 22. Ba7 Rb5 23. Be3 h5 24. Bd2 b3 25. c3 Ne7 26. d4 Nc6 27. Qd1 Qd5 28. Ne3 Qd7 29. Nc4 Rdb8 30. Re3 Nxa5 31. Ne5 Bxe5 32. dxe5 Rd5 33. Qxh5 Rxd2 34. Rh3 Qxh3 35. Qxh3 Rxb2 36. e6 f6 37. Qh5 Nc6 38. Qc5 Rb6 39.
e7 Kf7 40. Re1 Ne5 41. Qxc7 Re6 42. f4 Nf3+ 43. gxf3 Rxe1# 0-1